AoeStats
← Caketown

Arabia

508842889Analyzed
1v1 RM · 7d ago on Sep 24, 2026· 58m 27s· 2 players
Game mode
Random Map
Map size
Tiny (2 player)
Population
200
Speed
Normal
Resources
Standard
Victory
Conquest
Starting age
Dark Age
Ending age
Imperial Age
RankedLock teamsTeams togetherTeam positionsShared explorationLock speedFull tech treeHidden civsTurbo modeCheats
Victory
Defeat
🇦🇺 Persians · Australia
1242
+15
🇨🇳 Jurchens · China
1219
-15
平安喜乐
9:27 Feudal Age
7:46 Loom
10:37 Double-Bit Axe
19:59 Castle Age
18:15 Horse Collar
18:37 Gold Mining
19:40 Bloodlines
20:19 Forging
20:36 Scale Barding Armor
26:13 Chain Barding Armor
28:33 Bow Saw
29:57 Husbandry
29:54 Light Cavalry
30:54 Fletching
35:35 Iron Casting
34:48 Town Watch
38:35 Heavy Plow
43:58 Imperial Age
42:04 Wheelbarrow
42:46 Ballistics
42:28 Bodkin Arrow
43:36 Hand Cart
45:19 Plate Barding Armor
44:42 Hussar
47:33 Blast Furnace
49:14 Bracer
50:05 Conscription
51:15 Chemistry
50:39 Padded Archer Armor
52:12 Two-Man Saw
51:06 Heavy Cavalry Archer
51:59 Fortified Bastions
52:14 Town Patrol
53:11 Leather Archer Armor
Caketown
6:36 Loom
9:10 Feudal Age
12:12 Horse Collar
12:21 Double-Bit Axe
22:10 Castle Age
20:41 Fletching
20:53 Padded Archer Armor
21:41 Gold Mining
22:50 Scale Mail Armor
25:37 Thumb Ring
26:15 Ballistics
27:48 Wheelbarrow
28:18 Husbandry
28:35 Bodkin Arrow
31:49 Parthian Tactics
33:37 Leather Archer Armor
40:29 Forging
40:24 Scale Barding Armor
43:17 Hand Cart
46:12 Imperial Age
44:01 Hand Cart
44:10 Bloodlines
45:58 Heavy Camel Rider
48:59 Chain Barding Armor
49:15 Iron Casting
50:51 Heavy Plow
52:19 Bow Saw
56:31 Conscription
Connection lost

Rejoining the realm…

Still unreachable

The connection could not be restored.

Session expired

The server has moved on; the page needs a fresh start.